 Dungeon Crawl Stone Soup version 0.19-a0-1127-gac58878 (webtiles) character file.

277 Gagarin the Chucker (level 6, -1/58 HPs)
             Began as a Troll Hunter on Aug 12, 2016.
             Succumbed to Robin's poison
             ... on level 4 of the Dungeon.
             The game lasted 00:07:33 (2960 turns).

Gagarin the Chucker (Troll Hunter)                  Turns: 2960, Time: 00:07:35

Health: -1/58      AC:  5    Str: 21    XL:     6   Next: 4%
Magic:  5/5        EV: 11    Int:  7    God:
Gold:   212        SH:  0    Dex: 12    Spells: 0 memorised, 5 levels left

rFire  . . .     SeeInvis .       - Unarmed
rCold  . . .     Gourm    +     b - +0 robe
rNeg   . . .     Faith    .     (no shield)
rPois  .         Spirit   .     (helmet restricted)
rElec  .         Dismiss  .     (no cloak)
rCorr  .         Reflect  .     (gloves unavailable)
SustAt .         Harm     .     (boots unavailable)
MR     .....                    (no amulet)
Stlth  +.........               (no ring)
                                (no ring)

@: lethally poisoned (-1 -> -5), flying
A: unfitting armour, claws 3, fast metabolism 3, gourmand, regeneration 2,
shaggy fur 1, tough skin 2
a: no special abilities


You were on level 4 of the Dungeon.
You were very full.

You visited 1 branch of the dungeon, and saw 4 of its levels.

You collected 212 gold pieces.

Inventory:

Hand Weapons
 a - a +0 short sword
 s - a +0 blowgun
 u - the +0 dagger of Annihilation {venom, +Blink rElec Str+6 Int-4, unknown}
   (You found it on level 4 of the Dungeon)

   It poisons the flesh of those it strikes.
   It affects your strength (+6).
   It affects your intelligence (-4).
   It insulates you from electricity.
   It lets you blink.
Missiles
 c - 7 large rocks (quivered)
 d - 2 throwing nets
 o - 8 javelins
 q - 3 exploding tomahawks
 r - 16 poisoned needles
Armour
 b - a +0 robe (worn)
Scrolls
 e - a scroll of random uselessness {unknown}
 h - 7 scrolls of identify {unknown}
 i - 2 scrolls of immolation {unknown}
 j - 3 scrolls of teleportation {unknown}
 t - 2 scrolls of blinking {unknown}
 v - 3 scrolls of remove curse {unknown}
Comestibles
 f - 4 bread rations
 g - 2 fruits
 k - 2 meat rations
 n - 2 slices of pizza


   Skills:
 + Level 2.3 Fighting
 + Level 4.3 Throwing
 + Level 3.5 Dodging
 + Level 1.0 Stealth
 + Level 2.3 Unarmed Combat


You had 5 spell levels left.
You didn't know any spells.

Dungeon Overview and Level Annotations

Branches:
Dungeon (4/15)
 Temple: D:4-7

Altars:
Gozag
Nemelex Xobeh
The Shining One

Shops:
D:4 (

Annotations:
D:4 Robin


Innate Abilities, Weirdness & Mutations

You are too large for most types of armour.
You have claws for hands.
Your metabolism is lightning-fast.
You like to eat raw meat.
You heal very quickly.
You are covered in fur. (AC +1)
You have very tough skin. (AC +2)


Message History

The goblin barely misses you. Robin hits you but does no damage.
You are poisoned.
You barely miss the goblin.
You feel sick. The goblin barely misses you. The goblin hits you with a dagger.
* * * LOW HITPOINT WARNING * * *
You claw the goblin!
You kill the goblin!
You feel sick.
Robin roars a battlecry!
The goblin goes into a battle-frenzy!
Robin hits you with a dagger of venom.
* * * LOW HITPOINT WARNING * * *
You are more poisoned.
The goblin barely misses you.
* * * LOW HITPOINT WARNING * * *
You feel sick. The goblin closely misses you.
Items here: ( ))) † a dagger; an uncursed club; an uncursed hunting sling; 10 stones a goblin corpse You die...

#..
#..)..#...).≈≈≈((#
#.# #.
#.....#..÷...≈≈###
#.# ##
#.....##'##..≈≈# #.#
#.....#...#..≈≈# #.#
#.....#...#..≈≈# #.#
#.....#...#).≈≈# #.#
##+##.....##'##..≈≈#
#.#
#..........gg#...≈≈#
#.#
#........(@).#...≈≈#
#..
#...##########...≈≈#
### #..)#g.....
####≈≈# #.)g(.(.(..
≈≈# #..)'...... ≈≈#
########### ###


You could see Robin and a goblin.

Vanquished Creatures
  A water moccasin zombie (D:3)
  2 worker ants
  3 gnolls (D:3)
  3 adders
  2 worms (D:2)
  5 dart slugs
  4 giant geckos
  An orc (D:3)
  A ball python (D:3)
  9 bats
  4 giant cockroaches
  11 hobgoblins
  9 jackals
  A quokka (D:3)
  5 giant newts
  21 goblins
  10 kobolds
  8 rats
100 creatures vanquished.

Notes
Turn   | Place    | Note
-------+----------+-------------------------------------------
     0 | D:1      | Gagarin the Troll Hunter began the quest for the Orb.
     0 | D:1      | Reached XP level 1. HP: 19/19 MP: 0/0
   165 | D:1      | Reached XP level 2. HP: 27/27 MP: 1/1
   193 | D:1      | Reached skill level 4 in Throwing
   422 | D:1      | Reached XP level 3. HP: 35/35 MP: 2/2
  1128 | D:2      | Reached skill level 1 in Unarmed Combat
  1222 | D:2      | Reached XP level 4. HP: 42/42 MP: 3/3
  1404 | D:2      | Found an opulent altar of Gozag.
  1419 | D:2      | Found a sparkling altar of Nemelex Xobeh.
  1871 | D:3      | Reached skill level 1 in Stealth
  1871 | D:3      | Reached XP level 5. HP: 47/49 MP: 4/4
  1982 | D:3      | Found a glowing golden altar of the Shining One.
  2496 | D:4      | Got a transparent dagger
  2506 | D:4      | Found Pitur's Antique Weapon Emporium.
  2919 | D:4      | Noticed Robin
  2922 | D:4      | Reached XP level 6. HP: 56/57 MP: 5/5
  2958 | D:4      | HP: 1/58 [Robin/dagger of venom (3)]
  2960 | D:4      | Succumbed to Robin's poison

Vault maps used:
D:1:      dpeg_arrival_orchard, grunt_decor_mini_mirrors, grunt_decor_fettered
D:2:      marbit_many_paths, nemelex_xobeh_ov_fountains_minmay
D:3:      lemuel_coloured_pillars_altar
D:4:      kennysheep_goblin_castle, serial_shops, nicolae_shop_stone,
          first_bread

Skill      XL: |  1  2  3  4  5 |
---------------+----------------+-----
Throwing       | 4 |  4.3
Dodging        | 2 3 |  3.5
Unarmed Combat | 1 2 |  2.3
Fighting       | 2 |  2.3
Stealth        | 1 |  1.0

Action                   |  1- 3 |  4- 6 || total
-------------------------+-------+-------++-------
Melee: Unarmed           |   116 |   134 ||   250
       Punch             |       |     2 ||     2
 Fire: Blowgun           |       |    14 ||    14
Throw: Large rock        |     6 |     9 ||    15
  Use: Potion            |       |     3 ||     3
 Stab: Sleeping          |     2 |     1 ||     3
  Eat: Chunk             |    17 |    14 ||    31
Armor: Robe              |    60 |    64 ||   124
Dodge: Dodged            |    62 |   100 ||   162
